 Dungeon Crawl Stone Soup version 0.22.1-2-g9c5b331 (webtiles) character file.

1059 HoaS the Ruffian (level 8, -1/51 HPs)
             Began as a Gargoyle Berserker on Dec 24, 2018.
             Was a Priest of Trog.
             Slain by a troll (8 damage)
             ... on level 5 of the Dungeon on Dec 25, 2018.
             The game lasted 00:13:02 (3967 turns).

HoaS the Ruffian (Gargoyle Berserker)               Turns: 3967, Time: 00:13:03

Health: -1/51      AC: 21    Str: 21    XL:     8   Next: 27%
Magic:  8/8        EV:  8    Int:  8    God:    Trog [***...]
Gold:   135        SH:  0    Dex: 11    Spells: 7/7 levels left

rFire    . . .     SeeInvis .     - Unarmed
rCold    . . .     Gourm    .   (no shield)
rNeg     + . .     Faith    .   k - +0 chain mail
rPois    ∞         Spirit   .   o - +0 helmet
rElec    +         Reflect  .   i - +2 cloak
rCorr    .         Harm     .   n - +0 pair of gloves
MR       ++...                  (no boots)
Stlth    ..........             (no amulet)
HPRegen  1.17/turn              (no ring)
MPRegen  0.11/turn              (no ring)

@: berserk cooldown, regenerating
A: negative energy resistance 1, electricity resistance, unbreathing,
petrification resistance, rot immunity, AC +5
a: Berserk, Trog's Hand, Renounce Religion


You were on level 5 of the Dungeon.
You worshipped Trog.
Trog was most pleased with you.
You were not hungry.

You visited 1 branch of the dungeon, and saw 6 of its levels.

You collected 135 gold pieces.

Inventory:

Armour
 i - a +2 cloak (worn)
 k - a +0 chain mail (worn)
 n - a +0 pair of gloves (worn)
 o - a +0 helmet (worn)
Jewellery
 l - an uncursed ring of flight
Scrolls
 c - 3 scrolls of identify
 e - 2 scrolls of teleportation
 j - 3 scrolls of remove curse
 p - a scroll of enchant weapon
Potions
 a - 2 potions of heal wounds
 d - a potion of berserk rage
 f - a potion of ambrosia
 g - a potion of haste {unknown}
 h - a potion of agility {unknown}
 m - 2 potions of degeneration {unknown}
Comestibles
 b - 7 rations
 q - 2 chunks of flesh


   Skills:
 + Level 6.1 Fighting
 + Level 5.3 Armour
 - Level 1.5 Dodging
 * Level 7.4 Unarmed Combat


You had 7 spell levels left.
You didn't know any spells.
Your spell library was empty.

Dungeon Overview and Level Annotations

Branches:
Dungeon (6/15)
 Temple: D:4-7

Altars:
Cheibriados
Gozag
Makhleb
Uskayaw

Shops:
D:4 [}[

Annotations:
D:6 Grinder


Innate Abilities, Weirdness & Mutations

You are resistant to torment.
Your stone body is resilient. (AC +5)
You are immune to poison.
You resist negative energy. (rN+)
You are resistant to electric shocks. (rElec)
You can survive without breathing.
You are immune to petrification.
You are immune to rotting.


Message History

The troll is moderately wounded.
You punch the troll!
The troll is heavily wounded.
The troll bites you.
* * * LOW HITPOINT WARNING * * *
The troll claws you but does no damage. The troll claws you.
* * * LOW HITPOINT WARNING * * *
Your skin crawls.
You feel resistant to hostile enchantments.
You feel somewhat more hungry. The troll bites you but does no damage.
The troll claws you.
* * * LOW HITPOINT WARNING * * *
The troll claws you but does no damage.
You hit the troll.
The troll is heavily wounded.
The troll bites you but does no damage. The troll claws you but does no damage.
You closely miss the troll.
The troll is heavily wounded.
The troll bites you!
You die...

## ##...............## ##....#.
##.....###.......###.....#.
##..#### ##..........)...#. #..##
##.........<..... #.)#
##......#####.... # ##..#
##.......# ###.. ##
#..########...#....# ##...
.#####.........T..##....# ##....
....#...........@####...####.....
##...............# ##...##......
###.......####..# #...#.......
##............# #.......##..
#............## ##.<..####..
#.............## #...####...
#.....#######..####..####...#
#.....# #...##...........
#.....## ##...............


You could see a troll.

Vanquished Creatures
  Sigmund (D:2)
  A phantom (D:4)
  3 ogres
  A scorpion (D:5)
  A howler monkey (D:4)
  2 crimson imps
  3 hounds
  Crazy Yiuf (D:2)
  An orc wizard (D:6)
  Jessica (D:2)
  3 worker ants
  9 adders
  An ooze (D:3)
  4 worms
  2 dart slugs (D:1)
  6 leopard geckos
  7 orcs
  A ball python (D:1)
  A bat (D:1)
  4 giant cockroaches
  4 goblins
  7 hobgoblins
  4 jackals (D:2)
  A quokka (D:3)
  A frilled lizard (D:2)
  A giant cockroach zombie (D:5)
  5 kobolds
  A quokka zombie (D:3)
  9 rats
86 creatures vanquished.

Notes
Turn   | Place    | Note
-------+----------+-------------------------------------------
     0 | D:1      | HoaS the Gargoyle Berserker began the quest for the Orb.
     0 | D:1      | Reached XP level 1. HP: 14/14 MP: 1/1
   125 | D:1      | Reached XP level 2. HP: 19/19 MP: 2/2
   656 | D:2      | Reached XP level 3. HP: 24/24 MP: 3/3
   677 | D:2      | Noticed Jessica
   702 | D:2      | Killed Jessica
   702 | D:2      | Reached skill level 4 in Unarmed Combat
   702 | D:2      | Reached XP level 4. HP: 25/29 MP: 4/4
   899 | D:2      | Noticed Sigmund
   901 | D:2      | Reached XP level 5. HP: 21/33 MP: 5/5
   912 | D:2      | Killed Sigmund
   912 | D:2      | Reached skill level 5 in Unarmed Combat
   912 | D:2      | Reached XP level 6. HP: 10/39 MP: 6/6
  1218 | D:2      | Reached ** piety under Trog
  1405 | D:2      | Found a runed door.
  1563 | D:2      | Found a snail-covered altar of Cheibriados.
  1639 | D:2      | Noticed Crazy Yiuf
  1646 | D:2      | Killed Crazy Yiuf
  1714 | D:3      | Found a burning altar of Makhleb.
  2289 | D:4      | Found Zeerinevia's Gadget Shoppe.
  2290 | D:4      | Found Qeowesk's Antique Armour Boutique.
  2346 | D:4      | Found an opulent altar of Gozag.
  2390 | D:4      | Found Jiykkile's Armour Shoppe.
  2459 | D:4      | Reached skill level 5 in Fighting
  2464 | D:4      | Reached skill level 6 in Unarmed Combat
  2464 | D:4      | Reached XP level 7. HP: 44/44 MP: 7/7
  2870 | D:5      | Entered Level 5 of the Dungeon
  3194 | D:5      | Found a hide-covered altar of Uskayaw.
  3194 | D:5      | Noticed a dagger
  3195 | D:5      | Noticed a hand axe
  3228 | D:5      | Reached skill level 5 in Armour
  3228 | D:5      | Reached skill level 7 in Unarmed Combat
  3228 | D:5      | Reached XP level 8. HP: 51/51 MP: 8/8
  3793 | D:6      | Found a burning altar of Makhleb.
  3799 | D:6      | Reached *** piety under Trog
  3812 | D:6      | Noticed a troll
  3813 | D:6      | Noticed Grinder
  3967 | D:5      | Slain by a troll

Skill      XL: |  1  2  3  4  5  6  7  8 |
---------------+-------------------------+-----
Armour         | 3 4 5 |  5.3
Unarmed Combat | 4 5 6 7 |  7.4
Fighting       | 4 5 6 |  6.1
Dodging        | |  1.5

Action                   |  1- 3 |  4- 6 |  7- 9 || total
-------------------------+-------+-------+-------++-------
Melee: Unarmed           |    52 |   189 |   126 ||   367
       Punch             |       |     4 |     2 ||     6
Invok: Berserk           |     1 |     3 |     2 ||     6
       Trog's Hand       |       |       |     1 ||     1
  Use: Scroll            |       |     8 |     5 ||    13
 Stab: Invisible         |       |     1 |       ||     1
  Eat: Chunk             |       |     8 |     5 ||    13
       Ration            |       |       |     1 ||     1
Armor: Animal skin       |    16 |    10 |       ||    26
       Robe              |       |    60 |       ||    60
       Chain mail        |       |    15 |   116 ||   131
Dodge: Dodged            |    37 |   101 |    39 ||   177
